 Dungeon Crawl Stone Soup version 0.30-a0-141-g30f27751c5 (webtiles) character file.

Game seed: 6915000250299840440

56 themarg the Magician (level 4, -4/31 HPs)
             Began as a Djinni Hedge Wizard on Sept 25, 2022.
             Was a High Priest of Ignis.
             Killed by divine providence
             ... invoked by an orc priest
              (8 damage)
             ... on level 3 of the Dungeon.
             The game lasted 00:07:40 (2674 turns).

themarg the Magician (Djinni Hedge Wizard)          Turns: 2674, Time: 00:07:40

Health: -4/31      AC:  6    Str:  9    XL:     4   Next: 17%
Gold:   58         EV: 12    Int: 24    God:    Ignis [*****.] SH:  0 Dex: 12

rFire   + + +      SeeInvis .    a - +0 dagger
rCold   x . .      Faith    .    (no shield)
rNeg    . . .      Spirit   .    b - +0 robe
rPois   ∞          Reflect  .    c - +0 hat
rElec   .          Harm     .    (no cloak)
rCorr   .          Rampage  .    (no gloves)
Will    .....                    (boots unavailable)
Stlth   ++........               (no amulet)
HPRegen 0.10/turn                i - +6 ring of intelligence
MPRegen 0.00/turn                g - +4 ring of protection

@: flying
A: sickness immunity, fire resistance 2, cold vulnerability 1, float, innate
caster, HP casting, extra vitality 1
a: Renounce Religion, Fiery Armour, Foxfire Swarm, Rising Flame


You were on level 3 of the Dungeon.
You worshipped Ignis.
Ignis was extremely pleased with you.
You visited 1 branch of the dungeon, and saw 3 of its levels.

You collected 58 gold pieces.

Inventory:

Hand Weapons
 a - a +0 dagger (weapon)
Armour
 b - a +0 robe (worn)
 c - a +0 hat (worn)
Jewellery
 e - a +4 ring of evasion
 g - a +4 ring of protection (right hand)
 i - a +6 ring of intelligence (left hand)
 m - a ring of see invisible
Scrolls
 f - a scroll of identify {unknown}
 k - 3 scrolls of torment {unknown}
 l - a scroll of enchant weapon {unknown}
Potions
 d - a potion of mutation {unknown}
 h - 2 potions of curing {unknown}
 j - a potion of resistance {unknown}
 n - a potion of degeneration {unknown}


   Skills:
 - Level 2.5 Dodging
 + Level 2.6 Stealth
 + Level 3.0 Spellcasting


You couldn't memorise any spells.
You knew the following spells:

 Your Spells              Type           Power      Damage    Failure   Level
a - Magic Dart            Conj           72%        1d6       3%          1
b - Slow                  Hex            72%        N/A       3%          1
c - Blink                 Tloc           36%        N/A       4%          2
d - Call Imp              Summ           18%        N/A       4%          2
e - Cigotuvi's Dreadful   Necr/Pois/Air  36%        N/A       4%          2
f - Mephitic Cloud        Conj/Pois/Air  18%        N/A       9%          3
g - Summon Small Mammal   Summ           72%        N/A       3%          1
Your spell library was empty.

Dungeon Overview and Level Annotations

Branches:
Dungeon (3/15)

Altars:
Ignis

Shops:
D:3 (


Innate Abilities, Weirdness & Mutations

You are immune to sickness and miasma.
You are immune to poison.
Your flesh is very heat resistant. (rF++)
You are vulnerable to cold. (rC-)
You float through the air rather than walking.
You learn spells naturally, not from books.
Your magical power is your life essence.
You have superior vitality. (+4 MHP)


Message History

The orc priest is engulfed in noxious fumes.
You hit the orc but do no damage.
Your crimson imp closely misses the orc.
The orc hits you with a +0 club.
You hit the orc.
The orc is heavily wounded.
The orc completely misses you.
Your crimson imp barely misses the orc.
You closely miss the orc.
The orc is heavily wounded.
Your quokka bites the orc.
Your crimson imp hits the orc.
The orc dies!
Your quokka bites the orc priest but does no damage.
The orc priest hits your quokka with a +0 hand axe.
Your quokka is killed!
Your quokka's corpse disappears in a puff of smoke!
Your crimson imp blinks!
You see here a +0 dagger.
The orc hits you with a +0 hand axe.
Your crimson imp hits the orc priest.
You hit the orc.
You kill the orc!
Your crimson imp hits the orc priest.
The orc priest barely misses your crimson imp.
The orc priest closely misses your crimson imp.
Your crimson imp barely misses the orc priest.
The orc priest barely misses you.
The orc priest hits your crimson imp but does no damage.
Your crimson imp barely misses the orc priest.
You hit the orc priest.
The orc priest is severely wounded.
The orc priest seems less confused.
Your crimson imp hits the orc priest but does no damage.
The orc priest mumbles some strange prayers to Beogh against you.
Pain shoots through your body!
* * * LOW HITPOINT WARNING * * *
You closely miss the orc priest.
The orc priest is severely wounded.
Your crimson imp closely misses the orc priest.
The orc priest invokes the aid of Beogh against you.
Beogh smites you!
You die...

#.. .# #..#.#
#..#.# #####..#.##
#...... ..#
#..#...#.# #
#...#.#..##..##
####....∩.@o......
......)#.#5.###.##
####.#...#.#....
#......).....#
#.#####.'#####
#....# #.)..#
#....# #....#


You could see an orc priest (ally target) and a friendly crimson imp (summoned).

Vanquished Creatures
  A dart slug (D:1)
  2 orcs (D:3)
  3 endoplasms
  A giant cockroach (D:1)
  A goblin (D:1)
  5 hobgoblins
  4 ball pythons (D:1)
  2 bats (D:1)
  2 rats
21 creatures vanquished.

Vanquished Creatures (collateral kills)
  An adder (D:2)
  An orc (D:3)
  A ball python (D:1)
  A bat (D:1)
  An endoplasm (D:1)
  3 goblins
  2 hobgoblins (D:1)
  2 quokkas (D:1)
  A frilled lizard (D:1)
  2 kobolds
  2 rats
17 creatures vanquished.

Grand Total: 38 creatures vanquished

Notes
Turn   | Place    | Note
-------+----------+-------------------------------------------
     0 | D:1      | themarg the Djinni Hedge Wizard began the quest for the
                  | Orb.
     0 | D:1      | themarg set off with the following spells memorised: Magic
                  | Dart, Slow, Blink, Call Imp, Cigotuvi's Dreadful Rot,
                  | Mephitic Cloud.
     0 | D:1      | Reached XP level 1. HP: 15/15 MP: 0/0
   528 | D:1      | Reached XP level 2. HP: 17/21 MP: 0/0
   894 | D:1      | Reached XP level 3. HP: 20/25 MP: 0/0
   894 | D:1      | Learned a level 1 spell: Summon Small Mammal
  1248 | D:1      | Found a faded altar of an unknown god.
  1485 | D:1      | Prayed at the altar of an unknown god.
  1485 | D:1      | Became a worshipper of Ignis, the Dying Flame
  1993 | D:2      | Reached skill level 3 in Spellcasting
  2526 | D:3      | Reached XP level 4. HP: 24/31 MP: 0/0
  2633 | D:3      | Found Xiryx's Weapon Shop.
  2674 | D:3      | Killed from afar by an orc priest

Illustrated notes

Levels and vault maps discovered:
D:1:      arrival_zaba_pyramid, layout_basic, ebering_ecumenical_altar_box,
          minmay_hexomino_f4
D:2:      layout_basic
D:3:      layout_basic, serial_shops, nicolae_shop_advertising_works
          [nicolae_subvault_shop_adworks]

Skill      XL: |  1  2  3 |
---------------+----------+-----
Stealth        | 2 |  2.6
Spellcasting   | 3 |  3.0
Dodging        | |  2.5

Action                   |  1- 3 |  4- 6 || total
-------------------------+-------+-------++-------
Melee: Dagger            |    57 |     7 ||    64
       Punch             |     2 |       ||     2
 Cast: Magic Dart        |    22 |       ||    22
       Slow              |     3 |       ||     3
       Call Imp          |     6 |     1 ||     7
       Summon Small Mamm |    17 |     4 ||    21
       Mephitic Cloud    |       |     3 ||     3
 Stab: Sleeping          |     1 |       ||     1
Armor: Robe              |    14 |       ||    14
Dodge: Dodged            |    41 |     4 ||    45

Table legend: (Time is in decaauts)
 A = Elapsed time spent in this place.
 B = Non-inter-level travel time spent in this place.
 C = Inter-level travel time spent in this place.
 D = Time resting spent in this place.
 E = Time spent auto-exploring this place.
 F = Levels seen in this place.
 G = Mean time per level.
                   A        B        C        D        E       F      G
               +--------+--------+--------+--------+--------+-----+--------+
         Total |   2672 |   2552 |    120 |    675 |   1534 |   3 |  890.7 |
       Dungeon |   2672 |   2552 |    120 |    675 |   1534 |   3 |  890.7 |
               +--------+--------+--------+--------+--------+-----+--------+

Top non-repeatable levels by time:
     D:1: 1596 daAuts
     D:2: 878 daAuts
     D:3: 197 daAuts
